 Dungeon Crawl Stone Soup version 0.19.0-11-g3fc08b3 (webtiles) character file.

656061 Exaltedone87 the Hoplite (level 27, 0/241 HPs)
             Began as a Deep Dwarf Fighter on Nov 9, 2016.
             Was the Champion of Makhleb.
             Slain by an Orb Guardian (24 damage)
             ... on level 5 of the Realm of Zot.
             The game lasted 04:13:01 (48064 turns).

Exaltedone87 the Hoplite (Deep Dwarf Fighter)      Turns: 48064, Time: 04:13:02

Health: 0/241      AC: 52    Str: 28 (29) XL:     27
Magic:  8/8        EV: 17    Int:  8      God:    Makhleb [******]
Gold:   6713       SH: 32    Dex: 16 (17) Spells: 1 memorised, 32 levels left

rFire  . . .     SeeInvis +     c - +6 broad axe (flame)
rCold  + + +     Gourm    .     R - +9 plate armour of Huafek {*Drain rC+++ Dex+2}
rNeg   + . .     Faith    .     x - +5 large shield
rPois  .         Spirit   .     Y - +2 helmet
rElec  +         Reflect  .     a - +4 dragonskin cloak
rCorr  +         Harm     .     t - +2 pair of gloves of Xepetso {Dex+5}
MR     ++++.     Rnd*Rage +     f - +0 pair of boots
Stlth  .......... Rnd*Tele +    L - amulet of rage
                                B - +5 ring of protection
                                N - ring of the Octopus King {rCorr AC+1 EV+1 Str+1 Int+1 Dex+1}

@: exhausted, non-regenerating, slowed, very slow
A: damage resistance, recharge devices, icy blue scales 1, slimy green scales 1,
see invisible, berserk 1, clumsy 2, cold resistance 1, deformed body,
deterioration 2, dopey 1, frail 1, low mp 3, negative energy resistance 1, sense
surroundings 3, screaming 1, slow regeneration 3, teleportitis 1, weak 2,
subdued magic 3
a: Device Recharging, Minor Destruction, Lesser Servant of Makhleb, Major
Destruction, Greater Servant of Makhleb, Renounce Religion, Evoke Berserk Rage
}: 3/15 runes: slimy, silver, gossamer


You were on level 5 of the Realm of Zot.
You worshipped Makhleb.
Makhleb was exalted by your worship.
You were very full.

You visited 8 branches of the dungeon, and saw 47 of its levels.

You collected 7175 gold pieces.
You spent 462 gold pieces at shops.

Inventory:

Hand Weapons
 c - a +6 broad axe of flaming (weapon)
Armour
 a - the +4 dragonskin cloak (worn)
   (You took it off Tiamat on level 1 of the Realm of Zot)
 f - a +0 pair of boots (worn)
 t - the +2 pair of gloves of Xepetso (worn) {Dex+5}
   (You bought it in a shop on level 2 of the Orcish Mines)

   It affects your dexterity (+5).
 x - a +5 large shield (worn)
 R - the +9 plate armour of Huafek (worn) {*Drain rC+++ Dex+2}
   (You found it on level 3 of the Vaults)

   It affects your dexterity (+2).
   It renders you almost immune to cold.
   It causes draining when unequipped.
 Y - a +2 helmet (worn)
Jewellery
 s - a +2 ring of evasion {unknown}
 u - an uncursed ring of flight
 B - a +5 ring of protection (right hand)
 L - an amulet of rage (around neck)
 N - a ring of the Octopus King (left hand) {rCorr AC+1 EV+1 Str+1 Int+1 Dex+1}
   (You took it off a vault warden on level 5 of the Vaults)

   [ring of resist corrosion]

   It affects your AC (+1).
   It affects your evasion (+1).
   It affects your strength (+1).
   It affects your intelligence (+1).
   It affects your dexterity (+1).
Wands
 d - a wand of iceblast (7/15)
 e - a wand of heal wounds (3/9)
 k - a wand of enslavement (11/24)
 v - a wand of teleportation (3/9)
 w - a wand of lightning (10/15)
 z - a wand of digging (9/24)
 J - a wand of iceblast (13/15)
 Q - a wand of enslavement (17/24)
 V - a wand of disintegration (14/24)
 W - a wand of paralysis (15/24)
Scrolls
 b - a scroll of fog
 i - 7 scrolls of fear
 l - 10 scrolls of teleportation
 n - 30 scrolls of remove curse
 o - a scroll of brand weapon
 r - 4 scrolls of blinking
 G - 2 scrolls of holy word
 M - 11 scrolls of identify
 Z - 3 scrolls of magic mapping
Potions
 g - 14 potions of curing
 q - a potion of berserk rage
 C - 3 potions of brilliance
 D - a potion of heal wounds
 E - 2 potions of agility
 K - 13 potions of flight
 S - 3 potions of cancellation
Comestibles
 h - 20 fruits
 j - 6 royal jellies
 m - 6 meat rations
 p - 11 slices of pizza
 A - 2 beef jerkies
 O - 4 bread rations


   Skills:
 + Level 20.1 Fighting
 * Level 26.4 Axes
 + Level 25.5 Armour
 - Level 10.6 Dodging
 - Level 0.6 Stealth
 + Level 26.4 Shields
 - Level 3.5 Spellcasting
 - Level 4.1 Charms
 - Level 0.3 Evocations


You had 32 spell levels left.
You knew the following spells:

 Your Spells              Type           Power        Failure   Level  Hunger
a - Infusion              Chrm           #...         10%         1    ##.....


Dungeon Overview and Level Annotations

Branches:
Dungeon (15/15)            Temple (0/1) D:6            Lair (6/6) D:9
  Swamp (0/4) Lair:2       Spider (4/4) Lair:4        Slime (5/5) Lair:6
    Orc (2/2) D:10            Elf (0/3) Orc:2        Vaults (5/5) D:14
  Crypt (0/3) Vaults:2     Depths (5/5) D:15            Zot (5/5) Depths:5

Altars:
Ashenzari
Elyvilon
Gozag
Kikubaaqudgha
Makhleb
Qazlal
Sif Muna
Trog
Vehumet
Xom
Yredelemnul
Beogh
Jiyva
Lugonu

Shops:
D:10 [   D:11 }   D:13 *   Orc:1 (*   Orc:2 :(*[   Vaults:1 *   Vaults:2 *
Vaults:4 [   Depths:2 =}=

Portals:
Hell: Depths:1 Depths:2 Depths:3 Depths:4 Depths:5
Abyss: Depths:1 Depths:4
Pandemonium: Depths:1 Depths:3
Ziggurat: Depths:5
Trove: Vaults:3 (give +2 shadow dragon scales)

Annotations:
Zot:4 exclusion: 2 lightning spires


Innate Abilities, Weirdness & Mutations

You are resistant to damage.
You can recharge devices by infusing magical energy.
You resist negative energy. (rN+)
You passively map a large area around you.
You do not regenerate.
You are partially covered in icy blue scales. (AC +2)
You are partially covered in slimy green scales. (AC +2)
You have supernaturally acute eyesight. (SInv)
You tend to lose your temper in combat.
You are very clumsy. (Dex -4)
Your flesh is cold resistant. (rC+)
Armour fits poorly on your strangely shaped body.
Your body often deteriorates upon taking damage.
You are dopey. (Int -2)
You are frail. (-10% HP)
Your magical capacity is extremely low. (-30% MP)
You occasionally shout uncontrollably at your foes.
You are occasionally teleported next to monsters.
You are very weak. (Str -4)
Your spells are much easier to cast, but much less powerful.


Message History

The blizzard demon closely misses you.
The blizzard demon hits you but does no damage.
The Orb Guardian hits you but does no damage.
Evoke which item? (* to show all) (? for menu, Esc to quit)
Zapping:
e - a wand of heal wounds (4/9)
Press: ? - help, Shift-Dir - straight line, f - you You feel much better.
This wand has 3 charges left.
You block the Orb Guardian's attack. x3
The ancient lich mumbles some strange words.
You block the golden dragon's attack. x2; The golden dragon tramples you!
* * * LOW HITPOINT WARNING * * *
You hold your ground!
You block the Orb Guardian's attack. x2
The Orb Guardian hits you but does no damage.
The Orb Guardian misses you.
The ancient lich touches you but does no damage.
The blizzard demon hits you but does no damage. x2
The golden dragon bites you but does no damage.
The golden dragon barely misses you. The golden dragon closely misses you.
The Orb Guardian hits you!!
You die...

▓▓▓#▓#▓####..... *
.^.:.$..........
##.............. *
#.........^.....,,
* , ,
.........^......
...(.^..........,
, .......X........
,, * ,
......DXL.....!.,,
,* ,,
*......2@Xy......
*
......X.X.......,
, #...............
,, *
##.............. ,
, *
##...........!., *
* * ##############
,, , *** , * , , ,
,, ,* , * , , ,,


You could see a golden dragon (berserk), an ancient lich, 5 Orb Guardians, a
blizzard demon and a moth of wrath.

Vanquished Creatures
  the Royal Jelly (Slime:5)
  Tiamat (Zot:1)
  Mennas (Depths:3)
  5 orbs of fire
  A juggernaut (Depths:3)
  4 ancient liches
  Boris (Vaults:5)
  Frederick (Vaults:2)
  Bai Suzhen (Depths:2)
  3 curse toes
  2 caustic shrikes (Depths:5)
  13 golden dragons
  6 Killer Klowns
  An electric golem (Zot:5)
  8 liches
  Asterion (Vaults:2)
  16 Orb Guardians (Zot:5)
  18 tentacled monstrosities
  Rupert (Lair:5)
  7 titans
  12 quicksilver dragons
  31 acid blobs
  5 sphinxes
  7 death cobs
  5 draconian monks
  4 tengu reavers
  15 storm dragons
  13 shadow dragons
  17 azure jellies
  13 fire giants
  18 frost giants
  6 draconian knights
  9 ghost moths
  26 vault wardens
  A balrug (Depths:3)
  An iron dragon (Depths:4)
  11 draconian shifters
  11 emperor scorpions
  A deep elf elementalist (Depths:3)
  An orc warlord (Orc:2)
  5 draconian annihilators (Zot:4)
  5 draconian scorchers
  7 spriggan defenders
  29 stone giants
  3 draconian zealots
  A ghoul (Vaults:2)
  23 ironheart preservers
  3 draconian callers (Zot:4)
  A vampire knight (Depths:5)
  27 very ugly things
  9 spark wasps
  Nessos (D:14)
  3 entropy weavers
  7 green draconians
  2 deep elf demonologists
  A dire elephant (D:15)
  9 white draconians
  5 purple draconians
  A deep elf annihilator (Vaults:5)
  9 black draconians
  8 mottled draconians
  10 yellow draconians
  An eidolon (Vaults:2)
  7 red draconians
  A quicksilver dragon zombie (Depths:2)
  4 deep elf death magi
  2 crystal guardians
  15 death oozes
  2 deep elf high priests
  10 fire dragons
  18 ogre magi
  11 ettins
  11 great orbs of eyes
  23 yaktaur captains
  6 ice dragons
  A small abomination (Vaults:5)
  10 hydras
  A ghost crab (shapeshifter) (Vaults:3)
  2 rakshasas
  47 vault guards
  A catoblepas (Lair:6)
  9 spriggan air magi
  4 death knights
  10 centaur warriors
  14 deep troll shamans
  3 dancing weapons
  5 tengu warriors
  A vampire mage (Depths:2)
  15 deep troll earth magi
  4 orc high priests
  5 death yaks (Lair:5)
  Urug (D:12)
  Nergalle (Orc:1)
  4 spriggan berserkers
  6 shock serpents (Zot:4)
  Sonja (D:14)
  A titan zombie (Depths:3)
  4 deep elf knights
  5 iron trolls
  2 sixfirhies (Zot:4)
  22 hell knights
  A golden dragon zombie (Depths:2)
  A shadow wraith (Vaults:1)
  A skeletal warrior (Vaults:3)
  A quicksilver dragon simulacrum (Depths:3)
  3 unseen horrors
  33 deep trolls
  4 flayed ghosts
  5 wizards
  6 deep elf archers
  A shadow dragon zombie (Vaults:5)
  14 necromancers
  17 orc knights
  Pikel (D:6)
  6 phantasmal warriors
  5 glowing orange brains
  A lindwurm (Lair:6)
  8 harpies
  27 ironbrand convokers
  A golden dragon skeleton (Depths:2)
  A wolf spider (shapeshifter) (Depths:4)
  11 deep elf magi
  18 orb spiders
  9 hill giants
  44 ugly things
  38 wolf spiders
  5 shining eyes
  3 cyclopes
  3 manticores
  2 centaur zombies
  A salamander (D:15)
  12 orc sorcerers
  A water nymph (shapeshifter) (Depths:4)
  An elephant (shapeshifter) (Vaults:5)
  2 sphinx skeletons
  16 vault sentinels
  A frost giant skeleton (Depths:3)
  9 elephants (Lair:6)
  28 moths of wrath
  8 black mambas
  3 molten gargoyles (Lair:6)
  12 spiny frogs
  3 torpor snails
  A spiny frog (shapeshifter) (Vaults:3)
  2 eyes of devastation
  4 gargoyles
  5 spectral swamp worms (Depths:1)
  A human zombie (Vaults:5)
  8 freezing wraiths
  5 rime drakes
  57 yaktaurs
  2 elf zombies
  2 ice devils (Depths:3)
  5 kobold demonologists
  14 demonic crawlers
  2 guardian mummies (Vaults:3)
  47 jumping spiders
  13 komodo dragons
  3 polar bears (Lair:5)
  2 elf skeletons
  A harpy zombie (D:14)
  2 merfolk (shapeshifter)
  A tengu conjurer (D:13)
  8 trolls
  Grinder (D:5)
  6 meliai
  A two-headed ogre (shapeshifter) (Vaults:3)
  33 two-headed ogres
  10 hornets
  9 blink frogs
  A raiju (Zot:4)
  136 slime creatures
  3 dream sheep (shapeshifter)
  A stone giant simulacrum (Vaults:1)
  9 hippogriffs
  3 fire giant simulacra
  12 dream sheep (Lair:6)
  A spriggan (Lair:5)
  13 air elementals
  4 water elementals
  Sigmund (D:3)
  42 tarantellas
  95 redbacks
  4 shadows
  4 wraiths
  A yak (shapeshifter) (Vaults:3)
  4 wyverns
  2 hogs (D:7)
  2 vampires
  A hog (shapeshifter) (Vaults:4)
  A neqoxec (Depths:3)
  4 basilisks
  45 yaks
  2 golden eyes (Slime:1)
  2 hungry ghosts
  2 human simulacra (Vaults:1)
  A human (D:7)
  8 vampire mosquitoes
  3 mottled dragons
  5 swamp worms (Lair:1)
  11 wargs
  A soldier ant (D:13)
  47 orc warriors
  11 porcupines
  2 tengu skeletons (Depths:2)
  4 hell hounds (Lair:6)
  10 water moccasins
  3 floating eyes
  2 hornet zombies
  8 ice beasts
  A sky beast (D:9)
  5 black bears
  6 phantoms
  2 black bears (shapeshifter)
  2 necrophages
  A boggart (Depths:2)
  55 ogres
  3 eyes of draining
  9 wolves (Lair:5)
  19 centaurs
  15 crocodiles
  4 big kobolds
  18 bullfrogs
  A wyvern zombie (D:13)
  7 scorpions
  12 killer bees
  23 wights
  6 howler monkeys
  An electric eel (D:11)
  2 bullfrog zombies
  5 crimson imps
  5 lava snakes (Lair:6)
  Crazy Yiuf (D:7)
  A yaktaur simulacrum (Vaults:1)
  6 hounds
  4 jellies
  10 orc priests
  2 bullfrog skeletons
  4 centaur skeletons
  21 orc wizards
  5 iguanas
  6 hell rats (Lair:3)
  13 worker ants
  A hound zombie (D:7)
  3 hound skeletons
  3 worker ant zombies
  4 gnolls (D:2)
  11 adders
  4 shadow imps
  13 white imps
  An adder zombie (D:5)
  2 oozes
  An adder skeleton (D:7)
  17 worms
  4 dart slugs
  6 leopard geckos
  109 orcs
  2 ball pythons
  9 bats
  8 giant cockroaches
  6 goblins
  7 hobgoblins
  9 jackals
  13 kobolds
  4 quokkas
  3 frilled lizards
  A jackal skeleton (D:4)
  A jackal zombie (D:6)
  A quokka skeleton (D:9)
  6 rats
  A butterfly (Lair:3)
  3 crawling corpses (Vaults:5)
  12 fungi
  7 plants
2428 creatures vanquished.

Vanquished Creatures (collateral kills)
  An emperor scorpion (Spider:3)
  2 wolf spiders
  A hornet (Spider:3)
  7 redbacks
  A tarantella (Spider:3)
12 creatures vanquished.

Vanquished Creatures (others)
  A golden dragon (Depths:1)
  A shadow dragon (Depths:5)
  4 fire giants
  A draconian knight (Zot:4)
  A draconian shifter (Zot:4)
  A deep elf demonologist (Depths:5)
  2 entropy weavers (Spider:2)
  A black draconian (Zot:4)
  A tengu warrior (Depths:5)
  A shadow wraith (Vaults:4)
  An orb spider (Spider:4)
  A wolf spider (Spider:1)
  2 jumping spiders
  A water elemental (Depths:2)
  A redback (Spider:2)
  A tarantella (Spider:2)
  A mottled dragon (Lair:6)
  2 slaves (D:6)
  An ogre (Vaults:5)
  3 ball lightnings (Zot:4)
  10 fungi
  10 plants
48 creatures vanquished.

Grand Total: 2488 creatures vanquished

Notes
Turn   | Place    | Note
-------+----------+-------------------------------------------
     0 | D:1      | Exaltedone87 the Deep Dwarf Fighter began the quest for the Orb.
     0 | D:1      | Reached XP level 1. HP: 20/20 MP: 1/1
   209 | D:1      | Reached XP level 2. HP: 27/27 MP: 2/2
   521 | D:2      | Found a stormy altar of Qazlal.
   616 | D:2      | Found an opulent altar of Gozag.
   836 | D:2      | Reached XP level 3. HP: 25/34 MP: 3/3
  1140 | D:2      | Reached XP level 4. HP: 26/42 MP: 4/4
  1482 | D:3      | Noticed Sigmund
  1493 | D:3      | Killed Sigmund
  1493 | D:3      | Reached skill level 1 in Dodging
  1493 | D:3      | Reached XP level 5. HP: 47/49 MP: 5/5
  1493 | D:3      | Reached XP level 6. HP: 54/56 MP: 6/6
  1557 | D:3      | Found a white marble altar of Elyvilon.
  1694 | D:3      | Reached skill level 5 in Axes
  2002 | D:4      | Found a burning altar of Makhleb.
  2003 | D:4      | Found a shimmering altar of Xom.
  2013 | D:4      | Became a worshipper of Makhleb the Destroyer
  2243 | D:4      | Reached XP level 7. HP: 39/63 MP: 7/7
  2733 | D:5      | Entered Level 5 of the Dungeon
  2766 | D:5      | Noticed Grinder
  2766 | D:5      | Paralysed by Grinder for 6 turns
  2782 | D:5      | Paralysed by Grinder for 3 turns
  2799 | D:5      | Killed Grinder
  2799 | D:5      | Reached skill level 5 in Shields
  2947 | D:5      | Reached skill level 5 in Armour
  2947 | D:5      | Reached XP level 8. HP: 46/72 MP: 8/8
  3003 | D:5      | Found a radiant altar of Vehumet.
  3309 | D:5      | Reached * piety under Makhleb
  3806 | D:6      | Noticed Pikel
  3837 | D:6      | Killed Pikel
  3837 | D:6      | Reached skill level 5 in Fighting
  3856 | D:6      | Found a staircase to the Ecumenical Temple.
  3864 | D:6      | Gained mutation: You passively map the area around you. [Deep Dwarf growth]
  3864 | D:6      | Reached XP level 9. HP: 18/81 MP: 9/9
  3900 | D:6      | HP: 4/81 [bullfrog (3)]
  4774 | D:7      | Reached skill level 5 in Dodging
  4796 | D:7      | HP: 4/81 [ice beast (10)]
  4875 | D:7      | HP: 1/81 [hornet (13)]
  4877 | D:7      | Paralysed by a hornet for 1 turns
  4883 | D:7      | Reached ** piety under Makhleb
  4951 | D:7      | Found a runed door.
  4990 | D:7      | Noticed Crazy Yiuf
  4995 | D:7      | Killed Crazy Yiuf
  4999 | D:7      | Gained mutation: You have a beak for a mouth. [potion of mutation]
  4999 | D:7      | Gained mutation: You occasionally shout uncontrollably at your foes. [potion of mutation]
  5449 | D:7      | Reached skill level 10 in Axes
  5449 | D:7      | Reached XP level 10. HP: 75/91 MP: 8/8
  5573 | D:8      | Got a steaming turquoise ring
  5579 | D:8      | Identified the ring "Etheilax" {rF++ MR+ Str-5 SInv} (You found it on level 8 of the Dungeon)
  5918 | D:8      | Reached *** piety under Makhleb
  6089 | D:8      | Found a bloodstained altar of Trog.
  6565 | D:9      | Found a deep blue altar of Sif Muna.
  6658 | D:9      | Found an ancient bone altar of Kikubaaqudgha.
  6658 | D:9      | Found a faded altar of an unknown god.
  6663 | D:9      | Found a faded altar of an unknown god.
  6665 | D:9      | Found a faded altar of an unknown god.
  6666 | D:9      | Found an opulent altar of Gozag.
  6807 | D:9      | Gained mutation: You possess an exceptional clarity of mind. [mutagenic meat]
  6809 | D:9      | Lost mutation: You possess an exceptional clarity of mind. [mutagenic meat]
  6810 | D:9      | Gained mutation: Your mind is acute. (Int +2) [mutagenic meat]
  6811 | D:9      | Gained mutation: You are frail. (-10% HP) [mutagenic meat]
  6820 | D:9      | Lost mutation: You have a beak for a mouth. [potion of cure mutation]
  6820 | D:9      | Lost mutation: You occasionally shout uncontrollably at your foes. [potion of cure mutation]
  6820 | D:9      | Lost mutation: Your mind is acute. (Int +2) [potion of cure mutation]
  6820 | D:9      | Lost mutation: You are frail. (-10% HP) [potion of cure mutation]
  7102 | D:9      | Reached **** piety under Makhleb
  7121 | D:9      | Found a staircase to the Lair.
  7241 | D:9      | Learned a level 1 spell: Infusion
  7309 | D:10     | Entered Level 10 of the Dungeon
  7309 | D:10     | Noticed a cyclops
  7327 | D:10     | Killed a cyclops
  7353 | D:10     | Reached XP level 11. HP: 63/98 MP: 8/10
  7364 | D:10     | Reached skill level 1 in Spellcasting
  7482 | D:10     | Noticed an unseen horror
  7505 | D:10     | Killed an unseen horror
  7505 | D:10     | Reached skill level 1 in Charms
  7707 | D:10     | Noticed a hill giant
  7717 | D:10     | Noticed an orc knight
  7718 | D:10     | Killed a hill giant
  7743 | D:10     | Killed an orc knight
  7776 | D:10     | Found a staircase to the Orcish Mines.
  7778 | D:10     | Found Ulyviut's Armour Shoppe.
  7964 | D:11     | Found Kosok Fun's Gadget Emporium.
  8123 | D:11     | Reached ***** piety under Makhleb
  8137 | D:11     | Noticed a hill giant
  8151 | D:11     | Killed a hill giant
  8180 | D:11     | Found a labyrinth entrance.
  8201 | D:11     | Noticed a hill giant
  8208 | D:11     | Killed a hill giant
  8808 | D:12     | Reached XP level 12. HP: 110/110 MP: 13/13
  8882 | D:12     | Got a fine ring mail
  8885 | D:12     | Identified the cursed +1 ring mail "Ceitat" {rElec rN+ Str+3} (You found it on level 12 of the Dungeon)
  9163 | D:12     | Noticed a seven-headed hydra
  9169 | D:12     | Noticed Urug
  9171 | D:12     | Killed a seven-headed hydra
  9199 | D:12     | Killed Urug
  9252 | D:12     | Reached skill level 10 in Shields
  9592 | D:13     | Reached skill level 10 in Armour
  9997 | D:13     | Noticed a centaur warrior
 10006 | D:13     | Killed a centaur warrior
 10122 | D:13     | Found an opulent altar of Gozag.
 10159 | D:13     | Noticed a centaur warrior
 10172 | D:13     | Killed a centaur warrior
 10301 | D:13     | Found Zaoc's General Store.
 10325 | D:13     | Reached ****** piety under Makhleb
 10806 | D:13     | Reached XP level 13. HP: 120/120 MP: 15/15
 10915 | D:14     | Noticed Sonja
 11180 | D:14     | Got a polished great mace
 11181 | D:14     | Identified the +5 great mace "Kiem" {freeze, *Drain Str+2 Int+3 SInv} (You found it on level 14 of the Dungeon)
 11285 | D:14     | Found a gate to the Vaults.
 11319 | D:14     | Noticed Nessos
 11369 | D:14     | Killed Nessos
 11369 | D:14     | Reached skill level 15 in Axes
 11747 | D:14     | Killed Sonja
 11877 | D:14     | Noticed a sphinx
 11947 | D:14     | Paralysed by a sphinx for 6 turns
 11960 | D:14     | Killed a sphinx
 11964 | D:14     | Reached skill level 10 in Fighting
 12308 | Lair:1   | Entered Level 1 of the Lair of Beasts
 12783 | Lair:1   | Found a frozen archway.
 13014 | Lair:2   | Gained mutation: You resist negative energy. (rN+) [Deep Dwarf growth]
 13014 | Lair:2   | Reached XP level 14. HP: 81/132 MP: 15/15
 13043 | Lair:2   | Found a staircase to the Swamp.
 14707 | Lair:4   | Found a hole to the Spider Nest.
 15511 | Lair:5   | Noticed Rupert
 15530 | Lair:5   | Killed Rupert
 15602 | Lair:5   | Gained mutation: You are partially covered in slimy green scales. (AC +2) [potion of beneficial mutation]
 16381 | Lair:6   | Entered Level 6 of the Lair of Beasts
 16606 | Lair:6   | Found a burning altar of Makhleb.
 16788 | Lair:6   | Found a viscous altar of Jiyva.
 16788 | Lair:6   | Found a staircase to the Slime Pits.
 16828 | Lair:6   | Reached XP level 15. HP: 140/140 MP: 16/16
 17179 | Lair:6   | Found a large runed door.
 17234 | Lair:6   | Found a large runed door.
 17298 | Lair:6   | Got a polished plate armour
 17309 | Lair:6   | Identified the cursed +1 plate armour of the Journeyman {rC+ Int+3} (You found it on level 6 of the Lair of Beasts)
 18309 | Orc:1    | Entered Level 1 of the Orcish Mines
 18323 | Orc:1    | Noticed Nergalle
 18348 | Orc:1    | Killed Nergalle
 18407 | Orc:1    | Found Qaothut's Assorted Antiques.
 18409 | Orc:1    | Found Sosaupn's Weapon Shop.
 18721 | Orc:2    | Entered Level 2 of the Orcish Mines
 18721 | Orc:2    | Found Ler Gikh's Antique Armour Boutique.
 18752 | Orc:2    | Noticed an orc warlord
 18756 | Orc:2    | Paralysed by an orc sorcerer for 6 turns
 18767 | Orc:2    | Found a staircase to the Elven Halls.
 18767 | Orc:2    | Found Doniso's Book Emporium.
 18991 | Orc:2    | Found a roughly hewn altar of Beogh.
 19022 | Orc:2    | Found Lahoar's General Store.
 19271 | Orc:2    | Killed an orc warlord
 19307 | Orc:2    | Bought a pair of encrusted gloves for 294 gold pieces
 19312 | Orc:2    | Identified the +2 pair of gloves of Xepetso {Dex+5} (You bought it in a shop on level 2 of the Orcish Mines)
 19325 | Orc:2    | Found Kiafoh's Antique Weapon Emporium.
 19706 | Orc:1    | Reached skill level 15 in Armour
 19847 | D:15     | Entered Level 15 of the Dungeon
 20352 | D:15     | Reached XP level 16. HP: 152/152 MP: 17/17
 20520 | D:15     | Found a staircase to the Depths.
 21089 | Spider:1 | Entered Level 1 of the Spider Nest
 21274 | Spider:1 | You fall through a shaft!
 23598 | Spider:3 | Reached XP level 17. HP: 126/162 MP: 17/17
 23940 | Spider:4 | Entered Level 4 of the Spider Nest
 24071 | Spider:4 | Reached skill level 15 in Shields
 25445 | Spider:4 | Got a gossamer rune of Zot
 26009 | Depths:1 | Entered Level 1 of the Depths
 26080 | Depths:1 | Found a gateway to Hell.
 26180 | Vaults:1 | Entered Level 1 of the Vaults
 26398 | Vaults:1 | Gained mutation: You passively map a large area around you. [Deep Dwarf growth]
 26398 | Vaults:1 | Reached XP level 18. HP: 168/171 MP: 15/15
 27694 | Vaults:1 | Found Wuwip's Assorted Antiques.
 27708 | Vaults:1 | Bought 3 scrolls of identify for 168 gold pieces
 28729 | Vaults:2 | Reached XP level 19. HP: 182/182 MP: 16/16
 28944 | Vaults:2 | Found Hifiqus's Assorted Antiques.
 29013 | Vaults:2 | Found a staircase to the Crypt.
 29013 | Vaults:2 | Found a basalt altar of Yredelemnul.
 29014 | Vaults:2 | Found an ancient bone altar of Kikubaaqudgha.
 29051 | Vaults:2 | Noticed Frederick
 29074 | Vaults:2 | Killed Frederick
 29274 | Vaults:2 | Got a crude plate armour
 29276 | Vaults:2 | Identified the +7 plate armour "Naufopamp" {rPois} (You found it on level 2 of the Vaults)
 29330 | Vaults:2 | Noticed Asterion
 29353 | Vaults:2 | Killed Asterion
 29718 | Vaults:3 | Got an ancient plate armour
 29719 | Vaults:3 | Identified the +9 plate armour of Huafek {*Drain rC+++ Dex+2} (You found it on level 3 of the Vaults)
 30350 | Vaults:3 | Found a portal to a secret trove of treasure.
 31533 | Vaults:4 | Reached XP level 20. HP: 192/192 MP: 17/17
 31833 | Vaults:4 | Found Loisuso's Armour Shoppe.
 31973 | Vaults:4 | Reached skill level 15 in Fighting
 32061 | Vaults:4 | Gained mutation: You are partially covered in icy blue scales. (AC +2) [potion of beneficial mutation]
 33309 | Vaults:5 | Entered Level 5 of the Vaults
 33476 | Vaults:5 | Reached XP level 21. HP: 130/201 MP: 18/18
 33540 | Vaults:5 | Noticed Boris
 33565 | Vaults:5 | Killed Boris
 33594 | Vaults:5 | Noticed a golden dragon
 33608 | Vaults:5 | Killed a golden dragon
 33628 | Vaults:5 | Noticed a golden dragon
 33647 | Vaults:5 | Killed a golden dragon
 33902 | Vaults:5 | Noticed an ancient lich
 33908 | Vaults:5 | Reached skill level 10 in Dodging
 33941 | Vaults:5 | Killed an ancient lich
 34490 | Vaults:5 | Reached XP level 22. HP: 213/213 MP: 19/19
 34674 | Vaults:5 | Got a ring of the Octopus King
 34724 | Vaults:5 | Got a silver rune of Zot
 34732 | Vaults:5 | Identified Sif Muna's Guide on Creative Darkness
 34745 | Vaults:5 | Identified a ring of the Octopus King {rCorr AC+1 EV+1 Str+1 Int+1 Dex+1} (You took it off a vault warden on level 5 of the Vaults)
 35047 | Vaults:5 | Got a fine ruby amulet
 35074 | Vaults:5 | Identified the amulet of Ipnur {Harm *Drain rC+} (You took it off a tengu reaver on level 5 of the Vaults)
 36104 | Slime:1  | Entered Level 1 of the Pits of Slime
 36904 | Slime:3  | Gained mutation: Your body sometimes deteriorates upon taking damage. [a shining eye]
 36906 | Slime:3  | Gained mutation: You occasionally shout uncontrollably at your foes. [a shining eye]
 36916 | Slime:3  | Gained mutation: Your spells are a little easier to cast, but a little less powerful. [a shining eye]
 37120 | Slime:3  | Gained mutation: Your magical capacity is low. (-10% MP) [a shining eye]
 37122 | Slime:3  | Gained mutation: You are occasionally teleported next to monsters. [a shining eye]
 37139 | Slime:3  | Gained mutation: You are frail. (-10% HP) [a shining eye]
 37206 | Slime:4  | Gained mutation: Armour fits poorly on your strangely shaped body. [a shining eye]
 37209 | Slime:4  | Gained mutation: Your mind is acute. (Int +2) [a shining eye]
 37281 | Slime:4  | Gained mutation: You are weak. (Str -2) [a shining eye]
 37283 | Slime:4  | Gained mutation: Your spells are easier to cast, but less powerful. [a shining eye]
 37302 | Slime:4  | Gained mutation: You expend magic power (3 MP) to strengthen your wands. [a shining eye]
 37419 | Slime:5  | Entered Level 5 of the Pits of Slime
 37798 | Slime:5  | Found a viscous altar of Jiyva.
 37886 | Slime:5  | Noticed the Royal Jelly
 38023 | Slime:5  | Killed the Royal Jelly
 38023 | Slime:5  | Reached XP level 23. HP: 173/200 MP: 17/17
 38120 | Slime:5  | Got a translucent golden ring
 38182 | Slime:5  | Got a slimy rune of Zot
 38192 | Slime:5  | Identified the ring "Koothunu" {*Corrode rF++ EV+1 Str+3 SInv} (You found it on level 5 of the Pits of Slime)
 38255 | Slime:4  | Gained mutation: You are clumsy. (Dex -2) [a shining eye]
 38259 | Slime:4  | Gained mutation: Your spells are much easier to cast, but much less powerful. [a shining eye]
 38263 | Slime:4  | Gained mutation: Your magical capacity is very low. (-20% MP) [a shining eye]
 38826 | Depths:1 | Found a corrupted altar of Lugonu.
 38826 | Depths:1 | Found a one-way gate to the infinite horrors of the Abyss.
 39207 | Depths:1 | Found a one-way gate leading to the halls of Pandemonium.
 39377 | Depths:1 | Gained mutation: You have supernaturally acute eyesight. (SInv) [potion of beneficial mutation]
 39590 | Depths:1 | Identified the Disquisition on Augmentations and the Rocks
 39877 | Depths:2 | Noticed Bai Suzhen
 39915 | Depths:2 | Killed Bai Suzhen
 40355 | Depths:2 | Found Zuus's Jewellery Shop.
 40355 | Depths:2 | Found Jiskuoc's Gadget Shoppe.
 40356 | Depths:2 | Found Runilen's Jewellery Shop.
 40567 | Depths:2 | Found a shimmering altar of Xom.
 40993 | Depths:3 | Reached XP level 24. HP: 164/210 MP: 14/14
 41194 | Depths:3 | Noticed a juggernaut
 41208 | Depths:3 | Killed a juggernaut
 41220 | Depths:3 | Got a translucent long sword {pain}
 41353 | Depths:3 | Gained mutation: Your body often deteriorates upon taking damage. [a neqoxec]
 41592 | Depths:3 | Noticed Mennas
 41630 | Depths:3 | Killed Mennas
 42798 | Depths:5 | Entered Level 5 of the Depths
 42895 | Depths:5 | Found an opulent altar of Gozag.
 42895 | Depths:5 | Found a shattered altar of Ashenzari.
 42896 | Depths:5 | Found a burning altar of Makhleb.
 42898 | Depths:5 | Found a gateway to a ziggurat.
 43005 | Depths:5 | Reached XP level 25. HP: 219/219 MP: 13/13
 43708 | Depths:5 | Found a gate to the Realm of Zot.
 43721 | Zot:1    | Entered Level 1 of the Realm of Zot
 44468 | Zot:1    | Noticed Tiamat
 44580 | Zot:1    | Killed Tiamat
 44586 | Zot:1    | Gained mutation: Your flesh is cold resistant. (rC+) [potion of beneficial mutation]
 44632 | Zot:1    | Lost mutation: You are frail. (-10% HP) [potion of cure mutation]
 44632 | Zot:1    | Lost mutation: You are weak. (Str -2) [potion of cure mutation]
 44632 | Zot:1    | Lost mutation: Armour fits poorly on your strangely shaped body. [potion of cure mutation]
 44632 | Zot:1    | Lost mutation: You expend magic power (3 MP) to strengthen your wands. [potion of cure mutation]
 44632 | Zot:1    | Lost mutation: Your body often deteriorates upon taking damage. [potion of cure mutation]
 45280 | Zot:2    | Reached XP level 26. HP: 255/255 MP: 11/11
 47005 | Zot:4    | Noticed an orb of fire
 47005 | Zot:4    | Gained mutation: Your magical capacity is extremely low. (-30% MP) [an orb of fire]
 47017 | Zot:4    | Lost mutation: Your mind is acute. (Int +2) [an orb of fire]
 47024 | Zot:4    | Gained mutation: You are very clumsy. (Dex -4) [an orb of fire]
 47043 | Zot:4    | Killed an orb of fire
 47350 | Zot:4    | Reached XP level 27. HP: 211/266 MP: 8/8
 47753 | Zot:5    | Entered Level 5 of the Realm of Zot
 47753 | Zot:5    | Noticed an ancient lich
 47766 | Zot:5    | Noticed an ancient lich
 47766 | Zot:5    | Killed an ancient lich
 47782 | Zot:5    | Killed an ancient lich
 47790 | Zot:5    | Noticed an ancient lich
 47792 | Zot:5    | Noticed an orb of fire
 47794 | Zot:5    | Noticed an orb of fire
 47801 | Zot:5    | Gained mutation: You are dopey. (Int -2) [an orb of fire]
 47802 | Zot:5    | Killed an orb of fire
 47803 | Zot:5    | Gained mutation: You tend to lose your temper in combat. [an orb of fire]
 47804 | Zot:5    | Killed an ancient lich
 47807 | Zot:5    | Noticed an orb of fire
 47809 | Zot:5    | Gained mutation: You are frail. (-10% HP) [an orb of fire]
 47818 | Zot:5    | Gained mutation: Your body often deteriorates upon taking damage. [an orb of fire]
 47819 | Zot:5    | Gained mutation: Armour fits poorly on your strangely shaped body. [an orb of fire]
 47820 | Zot:5    | Killed an orb of fire
 47825 | Zot:5    | Gained mutation: You are weak. (Str -2) [an orb of fire]
 47828 | Zot:5    | Killed an orb of fire
 48005 | Zot:5    | Noticed an orb of fire
 48020 | Zot:5    | Gained mutation: You are very weak. (Str -4) [an orb of fire]
 48030 | Zot:5    | Killed an orb of fire
 48036 | Zot:5    | Noticed an orb of fire
 48051 | Zot:5    | Noticed an ancient lich
 48062 | Zot:5    | HP: 2/241 [Orb Guardian (13)]
 48064 | Zot:5    | Slain by an Orb Guardian

Skill      XL: |  1  2  3  4  5  6  7  8  9 10 11 12 13 14 15 16 17 18 19 20 21 22 23 24 25 26 27 |
---------------+----------------------------------------------------------------------------------+-----
Fighting       | 3 4 5 6 7 8 10 11 12 13 14 15 16 17 18 19 20 | 20.1
Axes           | 3 4 5 6 8 10 11 12 14 15 16 17 18 19 20 21 22 23 25 26 | 26.4
Armour         | 4 5 7 8 9 10 11 13 15 16 18 19 20 21 22 23 24 25 | 25.5
Dodging        | 1 2 4 5 6 9 10 | 10.6
Shields        | 4 5 6 7 8 9 10 11 12 13 14 15 16 17 18 19 21 22 23 25 26 | 26.4
Spellcasting   | 3 |  3.5
Charms         | 3 4 |  4.1
Stealth        | |  0.6
Evocations     | |  0.3

Action                   |  1- 3 |  4- 6 |  7- 9 | 10-12 | 13-15 | 16-18 | 19-21 | 22-24 | 25-27 || total
-------------------------+-------+-------+-------+-------+-------+-------+-------+-------+-------++-------
Melee: War axe           |   101 |   174 |   421 |  1019 |  1723 |  2190 |  1326 |    93 |       ||  7047
       Peck              |       |       |     8 |    44 |       |       |       |       |       ||    52
       Morningstar       |       |       |       |     6 |   112 |       |       |       |       ||   118
       Broad axe         |       |       |       |       |       |       |       |  1650 |  1567 ||  3217
Invok: Minor Destruction |       |       |       |     4 |     2 |     1 |       |       |       ||     7
       Greater Servant o |       |       |       |       |       |     1 |     1 |       |     1 ||     3
 Abil: Device Recharging |       |       |     2 |     1 |     1 |     4 |       |     1 |     2 ||    11
Evoke: Wand              |       |     3 |    12 |     6 |    13 |    14 |     4 |     5 |    16 ||    73
       Sack of spiders   |       |       |       |       |       |     2 |       |       |       ||     2
  Use: Potion            |       |     6 |     6 |     7 |     9 |     9 |     8 |     7 |    12 ||    64
       Scroll            |       |     2 |    16 |    14 |    12 |    15 |     7 |    23 |     5 ||    94
 Stab: Invisible         |       |     1 |       |       |     2 |    10 |       |       |       ||    13
       Distracted        |       |       |       |       |       |     2 |     1 |     1 |       ||     4
  Eat: Fruit             |     1 |       |     3 |     4 |     7 |     9 |     1 |     4 |     2 ||    31
       Bread ration      |     1 |       |     3 |     4 |     3 |     2 |     3 |     4 |     2 ||    22
       Chunk             |       |       |       |     5 |       |       |       |       |       ||     5
       Royal jelly       |       |       |       |     1 |       |     1 |     1 |     1 |       ||     4
       Beef jerky        |       |       |       |       |     3 |     2 |       |     2 |       ||     7
       Meat ration       |       |       |       |       |     1 |     2 |     1 |     1 |     2 ||     7
       Pizza             |       |       |       |       |       |     1 |       |     1 |       ||     2
Armor: Scale mail        |    39 |    76 |   104 |    12 |       |       |       |       |       ||   231
       Chain mail        |       |       |       |   157 |       |       |       |       |       ||   157
       Plate armour      |       |       |       |   254 |   966 |  1418 |   526 |   691 |   605 ||  4460
Dodge: Dodged            |    31 |    56 |   120 |   308 |   539 |   849 |   283 |   629 |   508 ||  3323
Block: Shield            |    45 |   109 |   237 |   633 |  1240 |  1753 |       |       |       ||  4017
       Large shield      |       |       |       |       |       |   281 |  1321 |  2033 |  2031 ||  5666
